 Dungeon Crawl Stone Soup version 0.30.1-11-g7821555f0a (webtiles) character file.

Game seed: 10621755607054570409

66 SacredBeard the Vexing (level 3, -1/20 HPs)
             Began as a Deep Elf Hexslinger on Oct 30, 2023.
             Slain by an adder (2 damage)
             ... on level 3 of the Dungeon.
             The game lasted 00:03:20 (1567 turns).

SacredBeard the Vexing (Deep Elf Hexslinger)        Turns: 1567, Time: 00:03:22

Health: -1/20      AC:  2    Str:  8 (9)  XL:     3   Next: 96%
Magic:  2/2        EV: 13    Int: 14 (17) God:
Gold:   163        SH:  0    Dex: 14 (17) Spells: 6/7 levels left

rFire   . . .        n - +3 sling "Sarcophage" {antimagic, rN+ Str+2}
rCold   . . .        (no shield)
rNeg    + . .        c - +0 robe
rPois   .            (no helmet)
rElec   .            (no cloak)
rCorr   .            (no gloves)
SInv    .            (no boots)
Will    +....        (no amulet)
Stlth   +            g - ring of willpower
HPRegen 0.23/turn    (no ring)
MPRegen 0.08/turn

%: no passive effects
@: lethally poisoned (-1 -> -7)
A: no striking features
a: no special abilities


You were on level 3 of the Dungeon.
You visited 1 branch of the dungeon, and saw 3 of its levels.

You collected 163 gold pieces.

Inventory:

Hand Weapons
 a - a +1 sling
 n - the +3 sling "Sarcophage" (weapon) {antimagic, rN+ Str+2}
   (You found it on level 2 of the Dungeon)

   Str:       It affects your strength (+2).
   rN:        It protects you from negative energy.
Armour
 c - a +0 robe (worn)
Magical Staves
 k - a staff of death
Jewellery
 g - a ring of willpower (left hand)
Scrolls
 b - a scroll of poison
 f - a scroll of fear {unknown}
 h - a scroll of summoning {unknown}
 j - 2 scrolls of identify {unknown}
 l - a scroll of brand weapon {unknown}
 o - a scroll of amnesia {unknown}
Potions
 d - a potion of degeneration
 e - a potion of curing {unknown}
 i - a potion of lignification {unknown}
 m - a potion of haste {unknown}
 p - a potion of resistance {unknown}


   Skills:
 + Level 1.4 Fighting
 * Level 3.7 Ranged Weapons
 + Level 3.0 Dodging
 + Level 2.5 Spellcasting
 + Level 4.6 Hexes


You had 6 spell levels left.
You knew the following spells:

 Your Spells              Type           Power      Damage    Failure   Level
a - Slow                  Hex            56%        N/A       3%          1

Your spell library contained the following spells:

 Spells                   Type           Power      Damage    Failure   Level
 Inner Flame              Hex/Fire       8%         N/A       26%         3
 Portal Projectile        Hex/Tloc       16%        N/A       26%         3
 Cause Fear               Hex            7%         N/A       32%         4
 Lesser Beckoning         Tloc           2%         N/A       34%         2
 Static Discharge         Conj/Air       2%         2-3/arc   34%         2
 Gell's Gravitas          Tloc           1%         N/A       56%         3
 Teleport Other           Tloc           1%         N/A       56%         3
 Airstrike                Air            0%         2d(1-17)  92%         4
 Summon Lightning Spire   Summ/Air       1%         N/A       92%         4


Dungeon Overview and Level Annotations

Branches:
Dungeon (3/15) Zot: 16399

Altars:

Shops:
D:2 !


Message History

The dart slug launches a dart at you. The slug dart misses you.
The adder bites you.
You are poisoned.
The adder poisons you!
You shoot a sling bullet. The sling bullet misses the adder.
You feel sick. The adder bites you.
You are more poisoned.
The adder poisons you!
You are too injured to fight recklessly!
You are too injured to fight recklessly!
You are too injured to fight recklessly!
You are too injured to fight recklessly!
There are monsters nearby!
You are too injured to fight recklessly!
You are too injured to fight recklessly!
You are too injured to fight recklessly!
You shoot a sling bullet.
The sling bullet barely misses the adder.
You feel very sick. The adder misses you. x2
The dart slug launches a dart at you. The slug dart misses you.
You shoot a sling bullet.
The sling bullet barely misses the adder.
You feel sick. The adder bites you. x2
You are lethally poisoned!
The adder poisons you!
You shoot a sling bullet.
The sling bullet closely misses the adder.
* * * LOW HITPOINT WARNING * * *
You feel very sick. The adder bites you but does no damage.
It was a potion of degeneration.
There was something very wrong with that liquid.
You feel weakened.
You feel dopey.
You feel clumsy.
* * * LOW HITPOINT WARNING * * *
You feel sick. The adder bites you.
* * * LOW HITPOINT WARNING * * *
The rat closely misses you. The adder bites you.
You die...

##...## ##.....
...... .... .w.
#.# #r####### .
#@'.....# ..
#S##..#.# ..
#.##..#.#.#
...##.....+ ....
#.#.###..
...)..#<.......
##.....#.#####..
##...##.. #.#.


You could see an adder, a dart slug and a rat.

Vanquished Creatures
  2 adders (D:2)
  A worm (D:2)
  2 dart slugs
  5 bats
  2 endoplasms
  3 giant cockroaches
  5 hobgoblins
  4 jackals (D:1)
  6 ball pythons (D:1)
  A frilled lizard (D:1)
  3 kobolds
  6 rats
40 creatures vanquished.

Notes
Turn   | Place    | Note
-------+----------+-------------------------------------------
     0 | D:1      | SacredBeard the Deep Elf Hexslinger began the quest for the
                  | Orb.
     0 | D:1      | Reached XP level 1. HP: 11/11 MP: 5/5
   119 | D:1      | Reached skill level 1 in Fighting
   120 | D:1      | Reached XP level 2. HP: 7/16 MP: 6/6
   374 | D:1      | Found a faded altar of an unknown god.
   754 | D:1      | Reached XP level 3. HP: 19/20 MP: 8/8
  1033 | D:2      | Identified the +3 sling "Sarcophage" {antimagic, rN+ Str+2}
  1334 | D:2      | Found Duruzer's Distillery.
  1567 | D:3      | HP: 1/20 [adder (2)]
  1567 | D:3      | Slain by an adder

Illustrated notes

Levels and vault maps discovered:
D:1:      wheals_arrival_shading, layout_loops_ring,
          shapermc_ecumenical_altar_mp_urbaneastern, minmay_heptomino_l4
D:2:      layout_loops_ring, serial_shops, nicolae_shop_industrial_runoff,
          minmay_misc_feat_x
D:3:      minmay_octagon_keep, layout_basic, okawaru_metal_pillars_1_2,
          uniq_natasha

Skill      XL: |  1  2  3 |
---------------+----------+-----
Fighting       | 1 |  1.4
Ranged Weapons | 3 |  3.7
Spellcasting   | 2 |  2.5
Dodging        | 3 |  3.0
Hexes          | |  4.6

Action                     || total
---------------------------++-------
   Fire: Sling             ||   135
    Use: Potion            ||     1
 Armour: Robe              ||    13
  Dodge: Dodged            ||    43
